 Dungeon Crawl Stone Soup version 0.19.1 (webtiles) character file.

41 kae the Insei (level 3, 0/43 HPs)
             Began as a Demonspawn Monk on Dec 17, 2016.
             Succumbed to an adder's poison
             ... on level 1 of the Dungeon.
             The game lasted 00:01:04 (1209 turns).

kae the Insei (Demonspawn Monk)                     Turns: 1209, Time: 00:01:05

Health: 0/43       AC: 21    Str: 11    XL:     3   Next: 32%
Magic:  3/3        EV:  2    Int: 11    God:
Gold:   35         SH:  0    Dex: 16    Spells: 0 memorised, 2 levels left

rFire  . . .     SeeInvis .       - Unarmed
rCold  . . .     Gourm    .     (armour currently unavailable)
rNeg   + + +     Faith    .     (no shield)
rPois  +         Spirit   .     (helmet currently unavailable)
rElec  .         Reflect  .     (cloak currently unavailable)
rCorr  .         Harm     .     (gloves currently unavailable)
MR     .....     NoTele   +     (boots currently unavailable)
Stlth  ++........               (no amulet)
                                (no ring)
                                (no ring)

@: lethally poisoned (0 -> -3), tree-form
A: demonic guardian 1
a: no special abilities


You were on level 1 of the Dungeon.
You were hungry.
You were a tree.
You visited 1 branch of the dungeon, and saw 2 of its levels.

You collected 35 gold pieces.

Inventory:

Armour
 a - a +0 robe (melded)
 g - a +0 pair of boots (melded)
 h - a +0 pair of gloves (melded)
Jewellery
 j - an uncursed ring of stealth {unknown}
Scrolls
 e - a scroll of teleportation
 n - a scroll of fog {unknown}
Comestibles
 b - a bread ration


   Skills:
 + Level 3.3 Fighting
 + Level 3.0 Dodging
 - Level 1.7 Stealth
 * Level 3.4 Unarmed Combat


You had 2 spell levels left.
You didn't know any spells.

Dungeon Overview and Level Annotations

Branches:
Dungeon (2/15)

Altars:


Innate Abilities, Weirdness & Mutations

A weak demonic guardian rushes to your aid.


Message History

You feel magically purged.
Your magical contamination has completely faded away.
You flicker back into view.
It was a potion of lignification.
You turn into a tree.
Your +0 pair of gloves melds into your body.
Your +0 pair of boots melds into your body.
Your +0 robe melds into your body.
Your roots penetrate the ground.
* * * LOW HITPOINT WARNING * * *
You feel sick.
It was a potion of flight.
Your roots keep you in place.
There is a lethal amount of poison in your body!
There is a lethal amount of poison in your body!
There is a lethal amount of poison in your body!
You aren't carrying any potions.
As you read the scroll labeled XAPEYN WUQISEU, it crumbles to dust.
It is a scroll of enchant weapon.
You aren't carrying any weapons that can be enchanted.
As you read the scroll labeled JIAMICL OSAXKAKONG, it crumbles to dust.
You feel blessed for a moment.
It was a scroll of remove curse.
You die...

#.....#######...##.........##....
#.....# #...##.........##....
#.....# ######...............
#.....# #####........... #.....#
#........... ####### #...........
# #####################'#####....
# #........(............# #.... #
#.############♣<###########.... #
#.#......................##...> #
#.#...##..##......##.(##.##..#' #
#.#......................##.... #
#.#...######......######.##.... #
#.#......................##.... #
#.#.####################.##..#+
###...# #..........# #(##..#+
....#########.######.#####.).....


There were no monsters in sight!

Vanquished Creatures
  An adder (D:2)
  3 dart slugs (D:1)
  2 leopard geckos (D:1)
  3 bats (D:1)
  A giant cockroach (D:1)
  2 goblins (D:1)
  2 hobgoblins (D:1)
  2 frilled lizards (D:1)
  4 kobolds (D:1)
20 creatures vanquished.

Vanquished Creatures (collateral kills)
  An adder (D:2)
1 creature vanquished.

Grand Total: 21 creatures vanquished

Notes
Turn   | Place    | Note
-------+----------+-------------------------------------------
     0 | D:1      | kae the Demonspawn Monk began the quest for the Orb.
     0 | D:1      | Reached XP level 1. HP: 18/18 MP: 1/1
   399 | D:1      | Gained mutation: A weak demonic guardian rushes to your aid. [demonic ancestry]
   399 | D:1      | Reached XP level 2. HP: 23/24 MP: 2/2
  1188 | D:2      | Reached XP level 3. HP: 15/29 MP: 3/3
  1204 | D:1      | HP: 1/29 [poisoned by an adder]
  1209 | D:1      | Succumbed to an adder's poison

Skill      XL: |  1  2 |
---------------+-------+-----
Unarmed Combat | 3 |  3.4
Dodging        | 3 |  3.0
Fighting       | |  3.3
Stealth        | |  1.7

Action                   || total
-------------------------++-------
Melee: Unarmed           ||    88
  Use: Scroll            ||     4
       Potion            ||     4
 Stab: Sleeping          ||     4
Armor: Robe              ||    27
Dodge: Dodged            ||    53
